 Dungeon Crawl Stone Soup version 0.27-a0-592-g0306a34022 (webtiles) character file.

Game seed: 12702234431257636124

42 pokeman the Magician (level 3, -2/20 HPs)
             Began as a Deep Elf Hedge Wizard on Mar 10, 2021.
             Killed from afar by an orc wizard (11 damage)
             ... with a puff of flame
             ... on level 3 of the Dungeon.
             The game lasted 00:03:28 (1827 turns).

pokeman the Magician (Deep Elf Hedge Wizard)        Turns: 1827, Time: 00:03:29

Health: -2/20      AC:  3    Str:  7    XL:     3   Next: 35%
Magic:  6/11       EV: 12    Int: 19    God:
Gold:   92         SH:  0    Dex: 14    Spells: 1/12 levels left

rFire    . . .     SeeInvis .   n - +2 whip (flame)
rCold    . . .     Faith    .   (no shield)
rNeg     . . .     Spirit   .   b - +0 robe
rPois    .         Reflect  .   c - +0 hat
rElec    .         Harm     .   (no cloak)
rCorr    .         Rampage  .   o - +0 pair of gloves
Will     .....                  (no boots)
Stlth    ++........             (no amulet)
HPRegen  0.06/turn              (no ring)
MPRegen  0.12/turn              (no ring)

@: very slightly contaminated
A: no striking features
a: no special abilities


You were on level 3 of the Dungeon.
You visited 1 branch of the dungeon, and saw 3 of its levels.

You collected 92 gold pieces.

Inventory:

Hand Weapons
 n - a +2 whip of flaming (weapon)
Missiles
 u - 18 arrows
Armour
 b - a +0 robe (worn)
 c - a +0 hat (worn)
 o - a +0 pair of gloves (worn)
Wands
 r - a wand of random effects (9)
Scrolls
 a - 3 scrolls of blinking {unknown}
 d - 2 scrolls of immolation {unknown}
 e - a scroll of fog {unknown}
 f - 3 scrolls of amnesia {unknown}
 h - 2 scrolls of identify {unknown}
 j - a scroll of magic mapping {unknown}
 k - 2 scrolls of noise {unknown}
 p - 2 scrolls of teleportation {unknown}
 q - a scroll of enchant weapon {unknown}
Potions
 g - a potion of resistance {unknown}
 i - 2 potions of mutation {unknown}
 l - a potion of brilliance {unknown}
 m - a potion of berserk rage {unknown}
 s - a potion of magic {unknown}
 t - 2 potions of might {unknown}
 v - 2 potions of flight {unknown}
 w - a potion of curing {unknown}


   Skills:
 - Level 1.0 Fighting
 + Level 0.9 Armour
 + Level 2.4 Dodging
 - Level 2.4 Stealth
 * Level 5.1 Spellcasting
 + Level 1.8 Conjurations
 - Level 1.1 Summonings
 - Level 1.1 Translocations


You had one spell level left.
You knew the following spells:

 Your Spells              Type           Power      Damage    Failure   Level
a - Magic Dart            Conj           44%        1d5       6%          1
b - Mephitic Cloud        Conj/Pois/Air  7%         N/A       28%         3
c - Call Imp              Summ           9%         N/A       12%         2
d - Blink                 Tloc           N/A        N/A       12%         2
e - Conjure Flame         Conj/Fire      8%         6-21      26%         3

Your spell library contained the following spells:

 Spells                   Type           Power      Damage    Failure   Level
 Slow                     Hex            4%         N/A       19%         2


Dungeon Overview and Level Annotations

Branches:
Dungeon (3/15)

Altars:

Portals:
Sewer: D:3


Message History

Confirm with . or Enter, or press ? or * to list all spells.
The spell is extremely dangerous to cast (26% risk of failure)!
Continue anyway?
The fire begins to smolder!
The orc shouts!
The ball python smothers the flame.
You hit the ball python. You burn the ball python.
You kill the ball python!
You barely miss the ball python.
The ball python bites you but does no damage.
The ball python completely misses you.
You barely miss the ball python. The ball python bites you.
The ball python grabs you. The ball python constricts you.
The ball python bites you but does no damage.
The ball python constricts you.
You hit the ball python. You burn the ball python.
You kill the ball python!
The orc wizard gestures at itself while chanting.
The orc wizard flickers and vanishes!
Deactivating autopickup; reactivate with Ctrl-A.
Unknown command.
You hit the rat but do no damage. The rat barely misses you.
The giant cockroach waves its antennae.
You hit the rat. You burn the rat.
You kill the rat!
You hit the giant cockroach. You burn the giant cockroach.
You kill the giant cockroach!
Casting: Conjure Flame (extremely dangerous; 26% risk of failure)
Confirm with . or Enter, or press ? or * to list all spells.
The spell is potentially lethal to cast (28% risk of failure)!
Continue anyway?
Aiming: Mephitic Cloud (potentially lethal; 28% risk of failure)
Press: ? - help, Shift-Dir - straight line, f - rat
Aim: a rat (chance to affect: 96%)
You miscast Mephitic Cloud.
You are very lightly contaminated with residual magic.
You are blasted with magical energy!
You hear some strange, mumbled words.
A puff of flame appears from out of thin air!
The puff of flame hits you!
Ouch! That really hurt!
You die...

#∩≈≈≈≈#
≈≈≈≈.## .#
≈≈≈≈..# .#
≈≈... .# .B..
.# #ow####..
.# #ro......
.#
##{######+#.#
#.@.........#
#....####.###
#...[# #.#..
#....#
#.#.###
#....#
#.#.#..
#....#
#.#.#.####
#....#
#.#.#....#
#....#
#.#.#.<..#
#....#
#.#.#.####.


You could see a worm, 2 orcs, a giant cockroach and a rat.

Vanquished Creatures
  A worm (D:2)
  3 dart slugs
  2 leopard geckos
  2 ball pythons (D:3)
  A giant cockroach (D:3)
  2 goblins
  2 hobgoblins (D:1)
  4 jackals (D:2)
  2 bats (D:1)
  4 kobolds
  7 rats
30 creatures vanquished.

Vanquished Creatures (others)
  2 plants (D:3)
2 creatures vanquished.

Grand Total: 32 creatures vanquished

Notes
Turn   | Place    | Note
-------+----------+-------------------------------------------
     0 | D:1      | pokeman the Deep Elf Hedge Wizard began the quest for the
                  | Orb.
     0 | D:1      | Reached XP level 1. HP: 10/10 MP: 7/7
   265 | D:1      | Reached XP level 2. HP: 14/16 MP: 5/9
   907 | D:2      | Reached skill level 5 in Spellcasting
   923 | D:2      | Reached XP level 3. HP: 7/20 MP: 1/11
   926 | D:2      | HP: 1/20 [jackal (1)]
   939 | D:2      | Learned a level 3 spell: Mephitic Cloud
   942 | D:2      | Learned a level 2 spell: Call Imp
   945 | D:2      | Learned a level 2 spell: Blink
   949 | D:2      | Learned a level 3 spell: Conjure Flame
  1534 | D:2      | Reached skill level 1 in Fighting
  1817 | D:3      | Found a glowing drain.
  1827 | D:3      | Killed from afar by an orc wizard

Illustrated notes

Levels and vault maps discovered:
D:1:      dpeg_arrival_simpleton_a, layout_basic, serial_bayou_crossing
D:2:      layout_basic
D:3:      layout_basic, serial_forest, infiniplex_forest_clump_small,
          infiniplex_forest_clump_curved, infiniplex_forest_zigzag_1,
          infiniplex_forest_clump_tiny, infiniplex_forest_lined_room_,
          infiniplex_forest_clump_medium, infiniplex_forest_clump_C,
          infiniplex_forest_zigzag_1, infiniplex_forest_end_2,
          portal_sewer_entry_b, chequers_serial_rivers_small_a

Skill      XL: |  1  2  3 |
---------------+----------+-----
Spellcasting   | 5 |  5.1
Fighting       | 1 |  1.0
Armour         | |  0.9
Dodging        | |  2.4
Stealth        | |  2.4
Conjurations   | |  1.8
Summonings     | |  1.1
Translocations | |  1.1

Action                   || total
-------------------------++-------
Melee: Whip              ||    40
 Cast: Magic Dart        ||    46
       Conjure Flame     ||     1
       Mephitic Cloud    ||     1
 Stab: Sleeping          ||     1
Armor: Robe              ||    16
Dodge: Dodged            ||    49

Table legend: (Time is in decaauts)
 A = Elapsed time spent in this place.
 B = Non-inter-level travel time spent in this place.
 C = Inter-level travel time spent in this place.
 D = Time resting spent in this place.
 E = Time spent auto-exploring this place.
 F = Levels seen in this place.
 G = Mean time per level.
                   A        B        C        D        E       F      G
               +--------+--------+--------+--------+--------+-----+--------+
         Total |   1839 |   1826 |     13 |      0 |   1606 |   3 |  613.0 |
       Dungeon |   1839 |   1826 |     13 |      0 |   1606 |   3 |  613.0 |
               +--------+--------+--------+--------+--------+-----+--------+

Top non-repeatable levels by time:
     D:2: 911 daAuts
     D:1: 882 daAuts
     D:3: 45 daAuts
